AoeStats
← ELWARD

African Clearing

510331014Analyzed
4v4 RM · 1d ago on Sep 30, 2026· 42m 53s· 8 players
Game mode
Random Map
Map size
Large (8 player)
Population
200
Speed
Normal
Resources
Standard
Victory
Conquest
Starting age
Dark Age
Ending age
Imperial Age
RankedLock teamsTeams togetherTeam positionsShared explorationLock speedFull tech treeHidden civsTurbo modeCheats
Victory
Defeat
🇲🇽 Spanish · Mexico
1098
+42
🇨🇳 Huns · China
1085
+16
🇨🇳 Italians · China
1081
+16
🇬🇧 Hindustanis · United Kingdom
1077
+16
🇨🇳 Mongols · China
1123
-19
🇵🇪 Chinese · Peru
1072
-15
🇦🇺 Dravidians · Australia
1063
-15
🇲🇽 Slavs · Mexico
1042
-14
离岛
5:38 Loom
13:42 Feudal Age
18:06 Castle Age
16:12 Double-Bit Axe
17:25 Stone Mining
25:39 Wheelbarrow
25:58 Husbandry
27:09 Bloodlines
27:08 Scale Barding Armor
28:09 Forging
29:54 Chain Barding Armor
30:54 Marauders
31:49 Iron Casting
33:39 Bow Saw
33:52 Padded Archer Armor
33:42 Fletching
33:54 Elite Skirmisher
35:25 Ballistics
35:42 Gold Mining
38:25 Bodkin Arrow
43:04 Leather Archer Armor
Lamlam
13:19 Feudal Age
12:35 Loom
19:49 Castle Age
19:16 Stone Mining
19:45 Forging
19:28 Horse Collar
21:47 Pikeman
23:21 Iron Casting
22:48 Scale Mail Armor
25:25 Wheelbarrow
30:24 Double-Bit Axe
33:39 Heavy Plow
34:19 Hand Cart
34:28 Chain Mail Armor
35:58 Bow Saw
36:19 Grand Trunk Road
37:27 Gold Mining
42:04 Imperial Age
39:20 Town Watch
41:34 Gold Shaft Mining
41:29 Town Patrol
42:09 Elite Ghulam
44:21 Blast Furnace
43:48 Conscription
笨包特爱玩
5:55 Loom
13:23 Feudal Age
17:04 Castle Age
15:53 Double-Bit Axe
16:39 Horse Collar
18:27 Bow Saw
23:33 Loom
25:32 Padded Archer Armor
27:57 Wheelbarrow
27:09 Town Watch
30:23 Hand Cart
34:18 Imperial Age
31:38 Loom
33:21 Scale Barding Armor
33:26 Forging
33:52 Bloodlines
34:57 Chain Barding Armor
34:19 Cavalier
36:03 Iron Casting
35:56 Heavy Plow
36:57 Two-Man Saw
36:06 Husbandry
35:29 Paladin
37:54 Plate Barding Armor
38:20 Blast Furnace
King Bourbon
3:32 Loom
14:31 Feudal Age
17:46 Double-Bit Axe
21:27 Castle Age
20:30 Fletching
20:40 Padded Archer Armor
22:19 Bow Saw
22:50 Bodkin Arrow
24:43 Ballistics
28:04 Gold Mining
28:04 Stone Mining
31:50 Leather Archer Armor
34:12 Fishing Lines
37:30 Imperial Age
36:55 Gillnets
38:05 Wheelbarrow
39:21 Chemistry
38:24 Bracer
38:54 Ring Archer Armor
41:39 Ring Archer Armor
43:22 Silk Road
43:13 Pirotechnia
43:25 Conscription
[GDL]Dunitrid
9:01 Loom
15:36 Feudal Age
19:46 Castle Age
ELWARD
3:32 Loom
14:13 Feudal Age
18:34 Castle Age
16:39 Double-Bit Axe
20:02 Bow Saw
26:59 Wheelbarrow
26:10 Town Watch
26:09 Horse Collar
27:25 Heavy Plow
27:19 Gold Mining
27:20 Stone Mining
27:34 Town Patrol
30:25 Gold Shaft Mining
30:25 Stone Shaft Mining
31:46 Hand Cart
36:09 Imperial Age
33:45 Fletching
34:41 Ballistics
35:27 Bodkin Arrow
35:32 Padded Archer Armor
36:40 Thumb Ring
37:51 Chemistry
37:02 Fortified Wall
37:41 Conscription
37:31 Bracer
38:28 Leather Archer Armor
40:02 Ring Archer Armor
39:35 Murder Holes
Schleb
5:41 Loom
13:53 Feudal Age
18:23 Castle Age
16:59 Double-Bit Axe
18:35 Pikeman
21:04 Scale Mail Armor
君临天下
5:58 Loom
15:11 Feudal Age
20:01 Castle Age
18:18 Double-Bit Axe
18:42 Horse Collar
20:30 Stone Mining
20:32 Gold Mining
28:03 Fletching
29:16 Ballistics
28:54 Bodkin Arrow
29:00 Padded Archer Armor
29:50 Husbandry
30:01 Bloodlines
33:11 Heavy Plow
38:06 Imperial Age
35:25 Town Watch
36:19 Wheelbarrow
36:22 Bow Saw
36:30 Leather Archer Armor
37:22 Gold Shaft Mining
37:04 Bloodlines
Connection lost

Rejoining the realm…

Still unreachable

The connection could not be restored.

Session expired

The server has moved on; the page needs a fresh start.